 Dungeon Crawl Stone Soup version 0.28.0-45-g0d030f2227 (webtiles) character file.

Game seed: 15983435148613977310

112800 Fartwhistle the Warrior (level 16, -1/157 HPs)
             Began as a Minotaur Hunter on May 16, 2022.
             Was the Champion of Okawaru.
             Slain by an alligator (16 damage)
             ... called by a spriggan druid
             ... on level 4 of the Lair of Beasts.
             The game lasted 02:20:11 (47838 turns).

Fartwhistle the Warrior (Minotaur Hunter)          Turns: 47838, Time: 02:20:12

Health: -1/157     AC: 31    Str: 27    XL:     16   Next: 12%
Magic:  17/19      EV: 13    Int: 10    God:    Okawaru [******]
Gold:   2255       SH:  0    Dex: 22    Spells: 15/15 levels left

rFire   + + .      SeeInvis .   V - +4 war axe "Jimmeuza" {holy, *Rage rPois rF+ rN+}
rCold   . . .      Faith    +   (no shield)
rNeg    + + .      Spirit   .   C - +0 plate armour
rPois   +          Reflect  .   Y - +0 hat "Fuxt" {rPois Str+4 Int+5 Stlth+}
rElec   .          Harm     .   k - +2 cloak
rCorr   .          Rampage  .   E - +2 pair of gloves {Dex+3}
Will    ++...      Rage     20% s - +1 pair of boots
Stlth   ..........              f - amulet of faith
HPRegen 0.36/turn               h - ring of Wamy {rPois rN+ Will+ Int-3 Dex+6}
MPRegen 0.16/turn               O - ring of protection from fire

@: heroic
A: horns 2, retaliatory headbutt, subdued magic 1
a: Renounce Religion, Heroism, Finesse, Duel


You were on level 4 of the Lair of Beasts.
You worshipped Okawaru.
Okawaru was exalted by your worship.
You visited 5 branches of the dungeon, and saw 25 of its levels.
You also visited: Volcano.

You collected 2644 gold pieces.
You spent 389 gold pieces at shops.

Inventory:

Hand Weapons
 c - a +2 arbalest of flaming
 m - a +0 broad axe of freezing
 r - a +0 antimagic battleaxe
 x - a +2 triple crossbow of freezing
 z - a +1 demon trident of electrocution
 V - the +4 war axe "Jimmeuza" (weapon) {holy, *Rage rPois rF+ rN+}
   (Okawaru gifted it to you on level 9 of the Dungeon)

   It has been blessed by the Shining One to cause great damage to the undead
   and demons.
   rF:        It protects you from fire.
   rPois:     It protects you from poison.
   rN:        It protects you from negative energy.
   *Rage:     It berserks you when you make melee attacks (+20% chance).
Missiles
 l - 356 bolts
 M - 3 throwing nets (quivered)
Armour
 k - a +2 cloak (worn)
 s - a +1 pair of boots (worn)
 C - a +0 plate armour (worn)
 E - a +2 pair of gloves of dexterity (worn)
 Y - the +0 hat "Fuxt" (worn) {rPois Str+4 Int+5 Stlth+}
   (Okawaru gifted it to you on level 11 of the Dungeon)

   Str:       It affects your strength (+4).
   Int:       It affects your intelligence (+5).
   rPois:     It protects you from poison.
   Stlth:     It makes you more stealthy.
Jewellery
 f - an amulet of faith (around neck)
 h - the ring of Wamy (left hand) {rPois rN+ Will+ Int-3 Dex+6}
   (You acquired it on level 5 of the Lair of Beasts)

   [ring of dexterity]

   Int:       It affects your intelligence (-3).
   Dex:       It affects your dexterity (+6).
   rPois:     It protects you from poison.
   rN:        It protects you from negative energy.
   Will:      It increases your willpower.
 j - a +4 ring of protection
 n - a ring of flight
 p - a ring of positive energy
 H - a ring of protection from cold
 K - a ring of resist corrosion
 O - a ring of protection from fire (right hand)
 R - an amulet of reflection
 S - a ring of see invisible
Wands
 q - a wand of polymorph (12)
 A - a wand of iceblast (6)
 D - a wand of acid (11)
 F - a wand of digging (9)
 N - a wand of paralysis (4)
 X - a wand of mindburst (6)
Scrolls
 d - a scroll of teleportation
 e - 3 scrolls of fog
 i - 5 scrolls of identify
 o - 3 scrolls of amnesia
 t - a scroll of immolation
 u - a scroll of enchant weapon
 y - 5 scrolls of vulnerability
 L - 2 scrolls of holy word
 P - a scroll of magic mapping
 Q - a scroll of torment
 W - a scroll of silence
Potions
 b - 2 potions of flight
 g - 4 potions of mutation
 v - 2 potions of lignification
 w - 3 potions of brilliance
 B - 2 potions of haste
 G - 3 potions of invisibility
 I - 2 potions of cancellation
 J - 5 potions of curing
 T - a potion of ambrosia
 U - 2 potions of resistance
 Z - 2 potions of might
Miscellaneous
 a - a condenser vane


   Skills:
 - Level 17.8(22.8) Fighting
 + Level 17.3(22.3) Axes
 + Level 14.9(19.9) Crossbows
 + Level 17.8(22.8) Armour
 - Level 2.1(7.1) Dodging
 - Level 0.7(5.7) Stealth
 - Level 5.6 Invocations
 - Level 2.0 Evocations


You had 15 spell levels left.
You didn't know any spells.
Your spell library contained the following spells:

 Spells                   Type           Power      Damage    Failure   Level
 Apportation              Tloc           0%         N/A       80%         1
 Beastly Appendage        Tmut           0%         N/A       80%         1
 Sandblast                Erth           0%         2d4       80%         1
 Passwall                 Tmut/Erth      0%         N/A       90%         2
 Wereblood                Tmut           0%         N/A       90%         2
 Spider Form              Tmut/Pois      0%         N/A       99%         3
 Stone Arrow              Conj/Erth      0%         3d7       99%         3
 Passage of Golubria      Tloc           0%         N/A       100%        4
 Petrify                  Tmut/Erth      0%         N/A       100%        4
 Metabolic Englaciation   Hex/Ice        0%         N/A       100%        5
 Yara's Violent Unravell  Hex/Tmut       0%         3d3       100%        5
 Statue Form              Tmut/Erth      0%         N/A       100%        6
 Animate Skeleton         Necr           Unusable   N/A       N/A         1
 Summon Small Mammal      Summ           Unusable   N/A       N/A         1
 Tukima's Dance           Hex            Unusable   N/A       N/A         3

Dungeon Overview and Level Annotations

Branches:
Dungeon (15/15)            Temple (1/1) D:7            Lair (6/6) D:8
  Swamp (1/4) Lair:4        Snake (0/4) Lair:4        Slime (0/5) Lair:6
    Orc (2/2) D:12            Elf (0/3) Orc:2        Vaults (0/5) D:13
 Depths (0/4) D:15        Volcano (visited)

Altars:
Ashenzari
Cheibriados
Dithmenos
Elyvilon
Fedhas
Gozag
Hepliaklqana
Kikubaaqudgha
Makhleb
Nemelex Xobeh
Okawaru
Qazlal
Ru
Sif Muna
Trog
Uskayaw
Vehumet
Wu Jian
Xom
Yredelemnul
Zin
The Shining One

Shops:
Orc:1 :   Orc:2 *(*(

Portals:
Trove: D:12 (give +2 shadow dragon scales)

Annotations:
D:15 2 transporters, Vochiuc's ghost, adept DEFE
Lair:1 2 transporters
Lair:5 3 runed translucent doors, Bolunijamo's ghost, journeyman GnFi; Caath's ghost, journeyman DrFi; Ribudoz's ghost, journeyman GnFi; Riymurr's ghost, journeyman MfMo; Seraphu's ghost, journeyman VSBr
Swamp:1 Donald
Orc:1 3 runed translucent doors, exclusion: obsidian statue, Utuhah's ghost, journeyman DsBe


Innate Abilities, Weirdness & Mutations

You have a pair of horns on your head.
You reflexively headbutt those who attack you in melee.
Your spells are a little easier to cast, but a little less powerful.


Message History

A tyrant leech comes into view.
The spriggan rider hits you but does no damage.
You shoot a bolt. The bolt hits the spriggan rider!!
The bolt freezes the spriggan rider!
The spriggan rider is almost dead.
The spriggan rider hits you from afar with a +0 spear!
The swamp worm bites you but does no damage.
The spriggan rider hits you from afar with a +0 spear!
The alligator bites you!
The alligator tail-slaps you but does no damage.
Unknown command.
The swamp worm bites you!!
The spriggan rider hits you but does no damage.
The alligator bites you!
The alligator tail-slaps you but does no damage.
You climb upwards.
Welcome back to the Lair of Beasts!
There is a staircase to the Swamp, spattered with blood here.
Your +2 triple crossbow of freezing stops glowing.
The +4 war axe "Jimmeuza" {holy, *Rage rPois rF+ rN+} softly glows with a divine radiance!
V - the +4 war axe "Jimmeuza" (weapon)
{holy, *Rage rPois rF+ rN+} The swamp worm closely misses you.
You furiously retaliate!
You headbutt the swamp worm, but do no damage.
You gain the combat prowess of a mighty hero.
The alligator bites you!! The alligator tail-slaps you.
The swamp worm barely misses you. The alligator closely misses you.
You furiously retaliate!
You headbutt the alligator, but do no damage.
The alligator tail-slaps you but does no damage.
You hit the alligator. You headbutt the alligator!
The alligator is lightly wounded.
You slash the swamp worm! The swamp worm barely misses you.
The alligator bites you!!
* * * LOW HITPOINT WARNING * * *
The alligator tail-slaps you.
* * * LOW HITPOINT WARNING * * *
Okay, then.
The alligator bites you.
* * * LOW HITPOINT WARNING * * *
The alligator tail-slaps you!
You die...

##........###.....(
##.......#....#.##
#...........#####
##.#........# #
###........##
#......#....###
###.............#
#§§§§.#.........##
#@§§P######......#
#wt§## #......#
##§§# ##...... #§##
#.#..... ###
##...... ##.##....
##.###.... ##.##
##... ##.## ###.


You could see an alligator (strong, swift) and a swamp worm (strong).

Vanquished Creatures
  Saint Roka (Orc:2)
  Gastronok (Lair:2)
  An eleionoma (Lair:4)
  Snorg (Orc:1)
  3 fire dragons
  Fannar (D:8)
  8 hydras
  2 ogre magi (Orc:1)
  5 boulder beetles
  Erica (Orc:1)
  A merfolk avatar (Lair:6)
  4 centaur warriors
  14 two-headed ogres
  6 death yaks (Lair:6)
  6 tengu warriors
  An orc high priest (Orc:2)
  Urug (Lair:2)
  Nergalle (Lair:1)
  A sun demon (Volcano)
  Sonja (D:12)
  A hell knight (Volcano)
  A spriggan druid (Swamp:1)
  A goliath frog (Lair:4)
  2 deep trolls (Orc:1)
  Pikel (D:7)
  3 wizards
  An obsidian statue (Volcano)
  4 lindwurms (Lair:3)
  A deep elf pyromancer (D:12)
  4 orc sorcerers
  9 ugly things
  A necromancer (D:15)
  An orc knight (D:12)
  11 cyclopes
  15 elephants
  2 manticores
  Joseph (Lair:1)
  10 black mambas
  20 cane toads
  4 torpor snails (Lair:6)
  A naga mage (D:15)
  A centaur skeleton (D:15)
  2 rime drakes
  13 komodo dragons
  2 unseen horrors
  3 yaktaurs
  A kobold demonologist (D:12)
  A freezing wraith (D:15)
  A red devil (Volcano)
  13 trolls
  3 tengu conjurers
  8 polar bears
  11 blink frogs
  A hornet (Lair:6)
  4 wind drakes (Lair:6)
  A tarantella (shapeshifter) (D:14)
  A snapping turtle (Lair:6)
  4 dream sheep (Lair:6)
  10 slime creatures
  2 culicivoras (shapeshifter)
  A vampire (D:11)
  2 shadows (D:10)
  41 yaks
  3 centaur simulacra
  A spriggan (Lair:4)
  5 wyverns
  A wraith (D:11)
  A hog (shapeshifter) (D:9)
  A basilisk (Lair:6)
  5 fire bats (Volcano)
  Grum (D:9)
  8 vampire mosquitoes
  A steam dragon (D:9)
  5 wargs
  A swamp worm (Lair:4)
  14 water moccasins
  An acid dragon (D:10)
  A hell hound (Volcano)
  2 black bears
  16 orc warriors
  Duvessa (D:7)
  A sky beast (D:7)
  6 ice beasts
  4 boggarts (D:14)
  17 wolves
  11 centaurs
  20 ogres
  3 lemures (D:7)
  2 phantoms
  4 kobold brigands
  15 bullfrogs
  4 scorpions
  A water moccasin zombie (D:6)
  Dowan (D:7)
  A water moccasin skeleton (D:4)
  10 killer bees (D:9)
  2 wights
  An electric eel (D:10)
  6 howler monkeys
  6 lava snakes (Volcano)
  9 centaur zombies
  4 hounds
  8 orc priests
  A gnoll shaman (D:9)
  11 orc wizards
  4 iguanas
  6 adders
  3 gnolls (D:6)
  A howler monkey skeleton (D:5)
  A shadow imp (D:7)
  3 ufetubi
  An adder skeleton (D:4)
  A worm (D:5)
  2 dart slugs (D:3)
  46 orcs
  7 bats
  6 endoplasms
  A giant cockroach (D:3)
  7 goblins
  3 hobgoblins
  7 jackals
  A quokka (D:3)
  8 ball pythons
  4 frilled lizards
  12 kobolds
  4 rats
  2 bushes (D:4)
626 creatures vanquished.

Vanquished Creatures (others)
  An orc wizard (Orc:2)
  An orc (Orc:2)
  54 fungi
  107 plants
163 creatures vanquished.

Grand Total: 789 creatures vanquished

Notes
Turn   | Place    | Note
-------+----------+-------------------------------------------
     0 | D:1      | Fartwhistle the Minotaur Hunter began the quest for the
                  | Orb.
     0 | D:1      | Reached XP level 1. HP: 18/18 MP: 0/0
   381 | D:1      | Reached XP level 2. HP: 25/25 MP: 1/1
   399 | D:1      | Reached skill level 5 in Crossbows
   494 | D:1      | Reached skill level 1 in Armour
   664 | D:1      | Found a faded altar of an unknown god.
  1259 | D:2      | Reached XP level 3. HP: 30/30 MP: 2/2
  1815 | D:3      | Reached XP level 4. HP: 37/38 MP: 3/3
  2632 | D:3      | Reached skill level 1 in Axes
  2889 | D:3      | Found a glowing silver altar of Zin.
  2889 | D:3      | Noticed an angel
  2971 | D:3      | Reached XP level 5. HP: 41/45 MP: 4/4
  3183 | D:4      | Noticed an ice beast
  3191 | D:4      | Killed an ice beast
  3192 | D:4      | Reached XP level 6. HP: 44/51 MP: 5/5
  3874 | D:5      | Entered Level 5 of the Dungeon
  4712 | D:5      | Reached XP level 7. HP: 52/57 MP: 6/6
  5671 | D:6      | Noticed a yak
  5672 | D:6      | Noticed a yak
  5673 | D:6      | Noticed a yak
  5673 | D:6      | Noticed a yak
  5674 | D:6      | Noticed a yak
  6282 | D:6      | Reached skill level 5 in Armour
  6354 | D:6      | Killed a yak
  6355 | D:6      | Reached XP level 8. HP: 56/66 MP: 7/7
  6661 | D:5      | Reached skill level 5 in Axes
  7210 | D:5      | Reached skill level 5 in Fighting
  8158 | D:7      | Reached XP level 9. HP: 64/74 MP: 8/8
  8932 | D:7      | Noticed Pikel
  8933 | D:7      | Found a staircase to the Ecumenical Temple.
  8941 | Temple   | Entered the Ecumenical Temple
  9159 | Temple   | Became a worshipper of Warmaster Okawaru
  9697 | D:7      | Killed Pikel
  9812 | D:8      | Found a staircase to the Lair.
 10401 | D:8      | Noticed a boulder beetle
 10854 | D:8      | Killed a boulder beetle
 10854 | D:8      | Reached * piety under Okawaru
 10855 | D:8      | Reached XP level 10. HP: 62/88 MP: 9/9
 12528 | Lair:1   | Entered Level 1 of the Lair of Beasts
 12532 | Lair:1   | Noticed Fannar
 12532 | Lair:1   | Noticed a cane toad
 12552 | D:8      | Killed a cane toad
 12552 | D:8      | Reached ** piety under Okawaru
 12553 | D:8      | Reached skill level 1 in Invocations
 12553 | D:8      | Reached skill level 1 in Evocations
 13162 | D:7      | Noticed Duvessa
 13183 | D:7      | Killed Duvessa
 13251 | D:7      | Noticed Dowan
 13267 | D:7      | Killed Dowan
 13580 | D:8      | Reached skill level 10 in Armour
 13942 | D:8      | Reached *** piety under Okawaru
 14217 | Lair:1   | Noticed a black mamba
 14224 | Lair:1   | Killed a black mamba
 14615 | Lair:1   | Noticed Joseph
 15003 | Lair:1   | Killed Joseph
 15003 | Lair:1   | Received a gift from Okawaru
 15004 | Lair:1   | Reached XP level 11. HP: 60/95 MP: 9/11
 15219 | Lair:1   | Noticed Nergalle
 15761 | Lair:1   | Killed Nergalle
 15761 | Lair:1   | Reached **** piety under Okawaru
 15762 | Lair:1   | Reached skill level 10 in Crossbows
 16336 | Lair:1   | Found a transporter.
 16337 | Lair:1   | Noticed a boulder beetle
 16338 | Lair:1   | Found a transporter.
 16338 | Lair:1   | Noticed a boulder beetle
 17260 | Lair:2   | Noticed a seven-headed hydra
 17397 | Lair:2   | You are sucked into a shaft and drop 2 floors!
 17397 | Lair:4   | Found a staircase to the Snake Pit.
 17407 | Lair:4   | Noticed a five-headed hydra
 17654 | Lair:4   | Found a staircase to the Swamp.
 17661 | Lair:4   | Noticed a five-headed hydra
 17675 | Lair:4   | Killed a five-headed hydra
 17675 | Lair:4   | Reached ***** piety under Okawaru
 17682 | Lair:4   | Received a gift from Okawaru
 18122 | Lair:4   | Received a gift from Okawaru
 18613 | Lair:4   | Received a gift from Okawaru
 18956 | Lair:4   | Killed a five-headed hydra
 19324 | Lair:4   | Received a gift from Okawaru
 19525 | Lair:4   | Found a glowing silver altar of Zin.
 20232 | Lair:4   | Received a gift from Okawaru
 20741 | Lair:3   | Reached XP level 12. HP: 59/105 MP: 12/12
 21387 | Lair:3   | Reached skill level 10 in Axes
 21422 | Lair:3   | Reached skill level 10 in Fighting
 21455 | Lair:3   | Noticed an eight-headed hydra
 21462 | Lair:3   | Killed an eight-headed hydra
 21785 | Lair:3   | Reached ****** piety under Okawaru
 21785 | Lair:3   | Received a gift from Okawaru
 22088 | Lair:3   | Identified the +0 spear "Voecex Pecwu" {spect, rN++ Str-4
                  | Dex+5}
 22244 | Lair:2   | Noticed Gastronok
 22291 | Lair:2   | Killed Gastronok
 22645 | Lair:2   | Noticed Urug
 23335 | D:8      | Killed Fannar
 23372 | D:8      | Killed a seven-headed hydra
 23372 | D:8      | Received a gift from Okawaru
 23961 | Lair:2   | Killed Urug
 24136 | Lair:5   | Identified a scroll of acquirement
 24137 | Lair:5   | Acquired the ring of Wamy {rPois rN+ Will+ Int-3 Dex+6}
 24141 | Lair:5   | Noticed a four-headed hydra
 24783 | Lair:5   | Killed a four-headed hydra
 24889 | Lair:5   | Found a runed translucent gate.
 24890 | Lair:5   | Found a runed translucent gate.
 24891 | Lair:5   | Found a runed translucent gate.
 24892 | Lair:5   | Noticed Riymurr's ghost (journeyman MfMo)
 24892 | Lair:5   | Noticed Caath's ghost (journeyman DrFi)
 24892 | Lair:5   | Noticed Ribudoz's ghost (journeyman GnFi)
 24972 | Lair:5   | Received a gift from Okawaru
 25378 | Lair:5   | Received a gift from Okawaru
 25562 | Lair:5   | Reached XP level 13. HP: 66/117 MP: 14/14
 25903 | Lair:5   | Noticed Seraphu's ghost (journeyman VSBr)
 25903 | Lair:5   | Noticed Bolunijamo's ghost (journeyman GnFi)
 26238 | Lair:6   | Entered Level 6 of the Lair of Beasts
 26900 | D:9      | Identified the +3 dagger "Giuxuo" {protect, rElec rF- Str+2
                  | SInv}
 27001 | D:9      | Noticed Grum
 27045 | D:9      | Killed Grum
 27772 | D:9      | Identified the +4 war axe "Jimmeuza" {holy, *Rage rPois rF+
                  | rN+} (Okawaru gifted it to you on level 9 of the Dungeon)
 27772 | D:9      | Received a gift from Okawaru
 27840 | D:10     | Entered Level 10 of the Dungeon
 28988 | D:11     | Identified the +0 hat "Fuxt" {rPois Str+4 Int+5 Stlth+}
                  | (Okawaru gifted it to you on level 11 of the Dungeon)
 28988 | D:11     | Received a gift from Okawaru
 31391 | D:12     | Found a staircase to the Orcish Mines.
 31827 | D:12     | Found a glowing golden altar of the Shining One.
 31957 | D:12     | Found a portal to a secret trove of treasure.
 32054 | D:13     | Noticed Sonja
 32607 | D:12     | Killed Sonja
 33346 | D:13     | Received a gift from Okawaru
 33438 | D:13     | Reached XP level 14. HP: 132/132 MP: 15/15
 34147 | D:13     | Reached skill level 15 in Armour
 34703 | D:13     | Found a gate to the Vaults.
 35506 | Lair:6   | Received a gift from Okawaru
 35529 | Lair:6   | Reached skill level 15 in Axes
 35719 | Lair:6   | Reached skill level 15 in Fighting
 35887 | Lair:6   | HP: 6/135 [cane toad (16)]
 36354 | Lair:6   | Received a gift from Okawaru
 36892 | Lair:6   | Received a gift from Okawaru
 37887 | Lair:6   | Received a gift from Okawaru
 37960 | Lair:6   | Found a staircase to the Slime Pits.
 38162 | Lair:6   | Reached XP level 15. HP: 143/143 MP: 16/16
 38468 | Orc:1    | Entered Level 1 of the Orcish Mines
 38468 | Orc:1    | Noticed Erica
 38473 | Orc:1    | Killed Erica
 38555 | Orc:1    | Found Zoopuaw's Book Boutique.
 38573 | Orc:1    | Noticed Snorg
 38579 | Orc:1    | Killed Snorg
 38579 | Orc:1    | Received a gift from Okawaru
 38705 | Orc:2    | Entered Level 2 of the Orcish Mines
 38705 | Orc:2    | Noticed Saint Roka
 38705 | Orc:2    | Found Plog's General Store.
 38874 | Orc:1    | Found a dark tunnel.
 38884 | Volcano  | Entered a volcano
 39275 | Volcano  | Found a bloodstained altar of Trog.
 39572 | Orc:1    | Found a runed translucent gate.
 39573 | Orc:1    | Found a runed translucent gate.
 39574 | Orc:1    | Found an opulent altar of Gozag.
 39574 | Orc:1    | Found a runed translucent gate.
 39577 | Orc:1    | Noticed Utuhah's ghost (journeyman DsBe)
 40920 | D:12     | Received a gift from Okawaru
 42298 | Orc:1    | Received a gift from Okawaru
 42874 | D:14     | You fall into a shaft and drop 1 floor!
 42874 | D:15     | Entered Level 15 of the Dungeon
 43217 | D:15     | Received a gift from Okawaru
 43327 | D:15     | Received a gift from Okawaru
 43902 | D:14     | Found a bloodstained altar of Trog.
 44237 | D:14     | Reached skill level 5 in Invocations
 44831 | D:15     | Received a gift from Okawaru
 44963 | D:15     | Found a transporter.
 44967 | D:15     | Found a transporter.
 45030 | D:15     | Noticed Vochiuc's ghost (adept DEFE)
 45377 | D:15     | Gained mutation: Your spells are a little easier to cast,
                  | but a little less powerful. [a neqoxec]
 45384 | D:15     | Received a gift from Okawaru
 45441 | D:15     | Found a staircase to the Depths.
 45550 | Orc:1    | Received a gift from Okawaru
 46047 | Orc:2    | Reached XP level 16. HP: 157/157 MP: 19/19
 46061 | Orc:2    | Found Kekkapn's General Store.
 46065 | Orc:2    | Bought a scroll of enchant weapon for 105 gold pieces
 46065 | Orc:2    | Bought a potion of haste for 140 gold pieces
 46066 | Orc:2    | Found a staircase to the Elven Halls.
 46067 | Orc:2    | Found Yceriun's Antique Weapon Shoppe.
 46072 | Orc:2    | Found Bical's Weapon Emporium.
 46075 | Orc:2    | Bought a potion of invisibility for 96 gold pieces
 46075 | Orc:2    | Bought a potion of might for 48 gold pieces
 46831 | Orc:2    | Killed Saint Roka
 47378 | Swamp:1  | Entered Level 1 of the Swamp
 47831 | Swamp:1  | Noticed Donald
 47838 | Lair:4   | Slain by an alligator

Illustrated notes

Levels and vault maps discovered:
D:1:      dpeg_arrival_chambers_temple_mockup, layout_loops_corners,
          hellmonk_ecumenical_altar_run_dry
D:2:      layout_basic, minmay_misc_feat_hallway
D:3:      layout_basic, zin_angel
D:4:      layout_rooms, serial_forest, infiniplex_forest_lined_room_2,
          infiniplex_forest_3_way, infiniplex_forest_clump_diagonal,
          infiniplex_forest_clump_curved, infiniplex_forest_lined_4_way,
          infiniplex_forest_lined_corner, infiniplex_forest_clump_medium,
          columned_hall_lemuel
D:5:      layout_layer_cave, minivault_14, saegor_snake_ambush
D:6:      layout_basic, serial_glass, glass_columns_c, glass_columns_a
D:7:      layout_basic, temple_doors_e, uniq_duvessa, uniq_pikel
D:8:      layout_basic, lair_entry_dummy, minmay_fractal_squares_gapless_5
D:9:      layout_loops_corners, evilmike_minifort, uniq_grum
D:10:     layout_roguey, serial_ice, serial_ice_d, serial_ice_g, serial_ice_b,
          serial_ice_j
D:11:     layout_basic, hangedman_corner_corridor
D:12:     layout_cave_pods, minmay_orc_entry_guard_dogs,
          nicolae_trove_entry_crystal, tso_oasis_becter
D:13:     layout_cross, david_vaults_4, uniq_sonja
D:14:     layout_rooms, trog_butcher_becter
D:15:     grunt_enter_depths_magical_seal, layout_rooms,
          hangedman_abyss_or_decor_slice, gammafunk_ghost_hive
Temple:   mainiacjoe_temple_hex_bubbles
Lair:1:   gammafunk_boulding_lane, layout_small_grid, grunt_megastairs_3,
          uniq_fannar, uniq_joseph, uniq_nergalle
Lair:2:   layout_cave_pods, uniq_gastronok, uniq_urug
Lair:3:   layout_concentric_octagons, st_stairs_13, minmay_lindwurm_lava
Lair:4:   layout_hall_layers, swamp_mist, minmay_snake_entry_six_corridors,
          basic_altar, lemuel_fruit_tree
Lair:5:   layout_gridlike, gammafunk_ghost_cemetery, gauntlet_entry_generic,
          cheibrodos_lair_lostbears
Lair:6:   gammafunk_lair_ancient_temple, layout_cellular_growth,
          dpeg_slime_entry_corner, minivault_24, nzn_sisyphean_effort,
          infiniplex_staircase_pool_2
Swamp:1:  layout_basic_swamp, evilmike_swamp_ruin_house_2, swamp_pool4,
          nicolae_swamp_big_swirl, uniq_donald, uniq_louise, uniq_jorgrun
Orc:1:    layout_caves, ebering_ghost_gozag, serial_shops, shop_coins,
          nicolae_volcano_entry_two_sided, uniq_erica, uniq_snorg
Orc:2:    st_orc_open, layout_caves, uniq_saint_roka

Skill      XL: |  1  2  3  4  5  6  7  8  9 10 11 12 13 14 15 |
---------------+----------------------------------------------+-----
Crossbows      | 5 6 7 8 9 13 14 | 14.9
Armour         | 1 2 3 4 5 6 8 13 14 16 17 | 17.8
Fighting       | 3 4 5 8 9 11 14 15 17 | 17.8
Axes           | 1 2 3 4 6 8 9 12 14 15 17 | 17.3
Invocations    | 2 3 5 |  5.6
Evocations     | 1 2 |  2.0
Dodging        | |  2.1
Stealth        | |  0.7

Action                   |  1- 3 |  4- 6 |  7- 9 | 10-12 | 13-15 | 16-18 || total
-------------------------+-------+-------+-------+-------+-------+-------++-------
Melee: Short sword       |    21 |       |       |       |       |       ||    21
       Headbutt          |     2 |    69 |    65 |   107 |   176 |    11 ||   430
       Hand axe          |     1 |   229 |   246 |   104 |       |       ||   580
       Unarmed           |       |     7 |       |       |       |       ||     7
       Punch             |       |     5 |     8 |    11 |    16 |     2 ||    42
       Flail             |       |       |    16 |   386 |   265 |       ||   667
       War axe           |       |       |       |       |   255 |    28 ||   283
       Demon trident     |       |       |       |       |    66 |       ||    66
       Broad axe         |       |       |       |       |    67 |       ||    67
 Fire: Hand crossbow     |    39 |    44 |    97 |   279 |   253 |       ||   712
       Arbalest          |       |       |       |       |   455 |     2 ||   457
       Triple crossbow   |       |       |       |       |    47 |    30 ||    77
Invok: Heroism           |       |       |       |     9 |     4 |     3 ||    16
       Finesse           |       |       |       |     1 |     2 |     1 ||     4
Evoke: Wand              |       |       |     1 |     9 |     6 |       ||    16
  Use: Scroll            |       |    10 |     4 |    13 |    17 |     2 ||    46
       Potion            |       |       |     3 |     4 |     9 |       ||    16
 Stab: Invisible         |       |       |       |       |     2 |       ||     2
Armor: Leather armour    |     7 |    36 |     7 |       |       |       ||    50
       Skin              |       |     2 |       |       |       |       ||     2
       Scale mail        |       |       |    34 |   119 |     2 |       ||   155
       Plate armour      |       |       |    92 |   399 |   783 |    29 ||  1303
Dodge: Dodged            |    27 |    70 |   118 |   339 |   509 |    20 ||  1083
